AoeStats
← Tolstoyevski

Arena

510509617Analyzed
1v1 RM · 16h ago on Oct 1, 2026· 40m 52s· 2 players
Game mode
Random Map
Map size
Tiny (2 player)
Population
200
Speed
Normal
Resources
Standard
Victory
Conquest
Starting age
Dark Age
Ending age
Imperial Age
RankedLock teamsTeams togetherTeam positionsShared explorationLock speedFull tech treeHidden civsTurbo modeCheats
Victory
Defeat
🇹🇷 Malians · Türkiye
1146
+15
1119
-15
асценд до https
6:42 Loom
10:41 Feudal Age
9:08 Double-Bit Axe
9:37 Horse Collar
12:15 Bow Saw
16:56 Castle Age
16:59 Wheelbarrow
17:41 Gold Mining
22:55 Imperial Age
20:37 Fletching
20:47 Padded Archer Armor
21:35 Bodkin Arrow
21:47 Heavy Plow
22:51 Leather Archer Armor
23:23 Town Watch
24:48 Chemistry
24:30 Bracer
33:10 Hand Cart
36:01 Forging
35:56 Scale Barding Armor
36:16 Murder Holes
36:56 Husbandry
36:54 Light Cavalry
38:11 Iron Casting
37:57 Chain Barding Armor
38:29 Hussar
Tolstoyevski
10:30 Feudal Age
14:03 Castle Age
12:39 Double-Bit Axe
12:48 Horse Collar
21:13 Bow Saw
22:35 Heavy Plow
23:27 Wheelbarrow
23:49 Loom
27:25 Imperial Age
25:17 Hand Cart
26:07 Fortified Wall
25:57 Murder Holes
26:46 Gold Mining
27:00 Squires
26:30 Pikeman
26:39 Pikeman
28:13 Scale Mail Armor
28:05 Fletching
29:14 Conscription
29:17 Chain Mail Armor
29:15 Forging
31:01 Chemistry
29:38 Elite Gbeto
31:11 Bodkin Arrow
31:15 Elite Skirmisher
32:01 Thumb Ring
33:50 Iron Casting
33:47 Ballistics
35:30 Plate Mail Armor
35:01 Padded Archer Armor
37:48 Masonry
Connection lost

Rejoining the realm…

Still unreachable

The connection could not be restored.

Session expired

The server has moved on; the page needs a fresh start.